 Dungeon Crawl Stone Soup version 0.21-a0-351-g38363bb (webtiles) character file.

28 Dfrag the Firebug (level 3, 21/24 HPs)
             Began as a Demonspawn Fire Elementalist on Oct 9, 2017.
             Quit the game on level 1 of the Dungeon.
             The game lasted 00:01:51 (569 turns).

Dfrag the Firebug (Demonspawn Fire Elementalist)     Turns: 569, Time: 00:01:52

Health: 21/24      AC:  2    Str:  8    XL:     3   Next: 0%
Magic:  1/6        EV: 12    Int: 17    God:
Gold:   97         SH:  0    Dex: 13    Spells: 6/7 levels left

rFire    . . .     SeeInvis .   (no weapon)
rCold    . . .     Gourm    .   (no shield)
rNeg     . . .     Faith    .   a - +0 robe
rPois    .         Spirit   .   (no helmet)
rElec    .         Reflect  .   (no cloak)
rCorr    .         Harm     .   (no gloves)
MR       .....                  (no boots)
Stlth    ++........             (no amulet)
HPRegen  0.08/turn              (no ring)
MPRegen  0.10/turn              (no ring)

@: very slightly contaminated
A: claws 1, spiny 1
a: no special abilities


You were on level 1 of the Dungeon.
You were not hungry.

You visited 1 branch of the dungeon, and saw 1 of its levels.

You collected 97 gold pieces.

Inventory:

Armour
 a - a +0 robe (worn)
Scrolls
 d - a scroll of magic mapping {unknown}
 e - a scroll of teleportation {unknown}
 f - a scroll of amnesia {unknown}
 g - a scroll of immolation {unknown}
Potions
 h - a potion of flight {unknown}
Books
 b - a book of Flames

   Spells                             Type                      Level
   a - Flame Tongue                   Conjuration/Fire             1
   b - Throw Flame                    Conjuration/Fire             2
   c - Conjure Flame                  Conjuration/Fire             3
   d - Inner Flame                    Hexes/Fire                   3
   e - Sticky Flame                   Conjuration/Fire             4
   f - Fireball                       Conjuration/Fire             5
Comestibles
 c - a bread ration
 i - 2 fruits


   Skills:
 - Level 1.7 Dodging
 - Level 1.7 Stealth
 + Level 2.5 Spellcasting
 + Level 1.8 Conjurations
 + Level 3.1 Fire Magic


You had 6 spell levels left.
You knew the following spells:

 Your Spells              Type           Power        Failure   Level  Hunger
a - Flame Tongue          Conj/Fire      ##...        7%          1    #......


Dungeon Overview and Level Annotations

Branches:
Dungeon (1/15)

Altars:


Innate Abilities, Weirdness & Mutations

You have sharp fingernails.
You are partially covered in sharp spines.


Message History

You closely miss the leopard gecko.
The leopard gecko is almost dead.
The leopard gecko bites you but does no damage.
You miss the leopard gecko.
The leopard gecko is almost dead.
The leopard gecko closely misses you.
You scratch the leopard gecko.
You kill the leopard gecko!
You have reached level 3!
Your experience leads to an increase in your attributes!
Increase (S)trength, (I)ntelligence, or (D)exterity?
You feel clever.
Your demonic ancestry asserts itself...
Sharp spines emerge from parts of your body.
Found a stone staircase leading down.
You see here a leopard gecko corpse.
Okay, then.
Unknown command.
Are you sure you want to abandon this character and quit the game? (Confirm with "yes".)
Okay, then.
Are you sure you want to abandon this character and quit the game? (Confirm with "yes".)

####.. . >.... .K >.
.###.... .r. # ........
.... .# .###....
.....+########+..#
........
.................##
.#.#.#.#
.......@###....(...
)#.#.#.# ........#
#.#######
.#.#.#.#.#######.###(#...#
.#.#.#.#.# #......#.#.#.#
.#.#.#.#.# #......#.....#
.........# #......#...###
.........# #......#...#
##.......#
#......#...#######
.........#
#..........#.....#


You could see a rat (wandering).

Vanquished Creatures
  A leopard gecko (D:1)
  A giant cockroach (D:1)
  4 goblins (D:1)
  5 hobgoblins (D:1)
  3 jackals (D:1)
  3 kobolds (D:1)
  A bat (D:1)
  A frilled lizard (D:1)
  5 rats (D:1)
24 creatures vanquished.

Notes
Turn   | Place    | Note
-------+----------+-------------------------------------------
     0 | D:1      | Dfrag the Demonspawn Fire Elementalist began the quest for the Orb.
     0 | D:1      | Reached XP level 1. HP: 13/13 MP: 3/3
   201 | D:1      | Gained mutation: You have sharp fingernails. [demonic ancestry]
   201 | D:1      | Reached XP level 2. HP: 5/19 MP: 0/5
   347 | D:1      | Reached skill level 3 in Fire Magic
   567 | D:1      | Gained mutation: You are partially covered in sharp spines. [demonic ancestry]
   567 | D:1      | Reached XP level 3. HP: 21/24 MP: 1/6
   569 | D:1      | Quit the game

Vault maps used:
D:1:      eino_arrival_water_cross, minivault_11, grunt_decor_cap,
          minmay_misc_feat_rows, minmay_pentomino_o4

Skill      XL: |  1  2 |
---------------+-------+-----
Fire Magic     | 3 |  3.1
Dodging        | |  1.7
Stealth        | |  1.7
Spellcasting   | |  2.5
Conjurations   | |  1.8

Action                   || total
-------------------------++-------
Melee: Unarmed           ||    23
 Cast: Flame Tongue      ||    36
Armor: Robe              ||    10
Dodge: Dodged            ||    36

Table legend:
 A = Spawn XP
 B = Non-spawn XP
 C = Spawn XP percentage of total XP
 D = Spawn monster count
 E = Non-spawn monster count
 F = Spawn count percentage of total count
 G = Total turns spent on level
                    A         B        C        D         E        F      G
               +---------+---------+-------+---------+---------+-------+---------
         Total |       0 |      41 |   0.0 |       0 |      24 |   0.0 |   569
               +---------+---------+-------+---------+---------+-------+---------
           D:1 |       0 |      41 |   0.0 |       0 |      24 |   0.0 |   569
               +---------+---------+-------+---------+---------+-------+---------
